 Dungeon Crawl Stone Soup version 0.26-a0-958-gf3041fb45f (webtiles) character file.

Game seed: 13337502241960326724

744 Dracia the Grasshopper (level 7, -9/75 HPs)
             Began as a Demonspawn Warper on Dec 1, 2020.
             Mangled by Pikel
             ... wielding a +1 whip of electrocution
              (11 damage)
             ... on level 4 of the Dungeon.
             The game lasted 00:13:52 (6243 turns).

Dracia the Grasshopper (Demonspawn Warper)          Turns: 6243, Time: 00:13:53

Health: -9/75      AC:  5    Str: 14    XL:     7   Next: 47%
Magic:  0/10       EV: 16    Int: 15    God:
Gold:   135        SH:  0    Dex: 13    Spells: 5/10 levels left

rFire    . . .     SeeInvis .   a - +1 spear
rCold    . . .     Faith    .   (no shield)
rNeg     . . .     Spirit   +   b - +0 leather armour
rPois    .         Reflect  .   (helmet restricted)
rElec    .         Harm     .   (no cloak)
rCorr    .         Rampage  .   h - +0 pair of gloves
MR       .....                  (no boots)
Stlth    ..........             k - amulet of regeneration
HPRegen  0.62/turn              m - +4 ring of evasion
MPRegen  0.12/turn              (no ring)

@: berserking, very quick
A: antennae 2, claws 1, strong 1, magic shield, sharp scales 1
a: no special abilities


You were on level 4 of the Dungeon.
You visited 1 branch of the dungeon, and saw 4 of its levels.

You collected 135 gold pieces.


Innate Abilities, Weirdness & Mutations

You have a pair of antennae on your head.
When hurt, damage is shared between your health and your magic reserves.
You are partially covered in razor-sharp scales. (AC +1, Slay +1)
You have sharp fingernails.
Your muscles are strong. (Str +2)


   Skills:
 - Level 2.0 Fighting
 + Level 5.6 Polearms
 - Level 0.8 Throwing
 - Level 0.8 Armour
 - Level 1.7 Dodging
 - Level 2.0 Spellcasting
 + Level 6.0 Translocations


You had 5 spell levels left.
You knew the following spells:

 Your Spells              Type           Power        Failure   Level
a - Blink                 Tloc           N/A          3%          2
b - Gell's Gravitas       Tloc           ###.......   7%          3

Your spell library contained the following spells:

 Spells                   Type           Power        Failure   Level
 Lesser Beckoning         Tloc           ###.......   7%          3
 Teleport Other           Tloc           ###.....     7%          3
 Passage of Golubria      Tloc           N/A          22%         4
 Magic Dart               Conj           #...         26%         1
 Searing Ray              Conj           #.....       38%         2
 Iskenderun's Mystic Bla  Conj/Tloc      ##......     61%         4
 Dazzling Flash           Conj/Hex       #.....       63%         3
 Fulminant Prism          Conj/Hex       #.........   95%         4

Inventory:

Hand Weapons
 a - a +1 spear (weapon)
Missiles
 c - 5 boomerangs
 e - 3 boomerangs of dispersal (quivered) {=f}
Armour
 b - a +0 leather armour (worn)
 h - a +0 pair of gloves (worn)
 p - a +2 helmet
Jewellery
 k - an amulet of regeneration (around neck)
 m - a +4 ring of evasion (left hand)
Scrolls
 g - 2 scrolls of teleportation {@r4}
 i - a scroll of fog
 j - a scroll of noise {unknown}
 l - 3 scrolls of identify {@r1}
 n - a scroll of remove curse {@r2}

Dungeon Overview and Level Annotations

Branches:
Dungeon (4/15)
 Temple: D:4-7

Altars:
Ashenzari
Cheibriados
Dithmenos
Fedhas
Gozag
Nemelex Xobeh
Wu Jian
Yredelemnul

Annotations:
D:3 Edmund
D:4 Pikel

### #..##...####... ##.#
##...####...##..
##..###.......#....#..
#....###.##...#....#..
##..##.......)##.....#
##.............###....
#......##.............
##....##..........##..
##..@##{..........#..
##.#K5...........#..
####5.##....#...#..
#..5.###...##.....
#....##.....###...
##{{5....##..####..
##.K...........# ##.
####..............###..
##.............#....##.<


You could see Pikel and 3 lemures.


Message History

Unknown command.
Casting: Blink (safe; 3% risk of failure)
Confirm with . or Enter, or press ? or * to list all spells.
You don't have enough magic to cast that spell.
You barely miss Pikel.
Pikel is severely wounded.
Pikel hits you with a +1 whip of electrocution.
* * * LOW HITPOINT WARNING * * *
Unknown command.
Really quaff
f - a potion of berserk rage {!q}?
Uppercase [Y]es or [N]o only, please.
Really quaff
f - a potion of berserk rage {!q}?
A red film seems to cover your vision as you go berserk!
You feel yourself moving faster!
You feel mighty! Pikel barely misses you.
You hit Pikel but do no damage.
Pikel is severely wounded.
Pikel hits you with a +1 whip of electrocution.
* * * LOW HITPOINT WARNING * * *
You are electrocuted!
* * * LOW HITPOINT WARNING * * *
You closely miss Pikel.
Pikel is severely wounded.
You barely miss Pikel.
Pikel is severely wounded.
Pikel misses you.
You barely miss Pikel.
Pikel is severely wounded.
Pikel hits you but does no damage.
You are electrocuted!
You die...

Skill      XL: |  1  2  3  4  5  6  7 |
---------------+----------------------+-----
Polearms       | 2 3 4 5 |  5.6
Translocations | 3 4 5 6 |  6.0
Fighting       | |  2.0
Throwing       | |  0.8
Armour         | |  0.8
Dodging        | |  1.7
Spellcasting   | |  2.0

Action                   |  1- 3 |  4- 6 |  7- 9 || total
-------------------------+-------+-------+-------++-------
Melee: Spear             |   183 |   391 |   105 ||   679
Throw: Boomerang         |     1 |     1 |       ||     2
 Cast: Gell's Gravitas   |       |     8 |       ||     8
       Blink             |       |     2 |     1 ||     3
  Use: Scroll            |       |     8 |     1 ||     9
       Potion            |       |     6 |     2 ||     8
 Stab: Sleeping          |     1 |     2 |     1 ||     4
Armor: Leather armour    |    52 |    81 |     7 ||   140
Dodge: Dodged            |    98 |   194 |    51 ||   343

Levels and vault maps discovered:
D:1:      minmay_arrival_plants_in_alcoves, layout_basic, st_stairs_6
D:2:      layout_loops_corners
D:3:      layout_loops_ring, grunt_temple_overflow_octagram,
          nicolae_gozag_seed_capital, uniq_robin
D:4:      layout_cave_pools, serial_shops, nicolae_shop_trees,
          lightli_ossuary_entry_decrepit_ruins, minmay_bent, uniq_pikel,
          uniq_edmund, uniq_natasha

Notes
Turn   | Place    | Note
-------+----------+-------------------------------------------
     0 | D:1      | Dracia the Demonspawn Warper began the quest for the Orb.
     0 | D:1      | Reached XP level 1. HP: 16/16 MP: 3/3
   199 | D:1      | Reached skill level 2 in Polearms
   433 | D:1      | Reached skill level 3 in Translocations
   443 | D:1      | Gained mutation: When hurt, damage is shared between your
                  | health and your magic reserves. [demonic ancestry]
   443 | D:1      | Reached XP level 2. HP: 22/22 MP: 5/5
  1049 | D:1      | Learned a level 2 spell: Blink
  1235 | D:2      | Reached XP level 3. HP: 17/27 MP: 4/6
  1874 | D:2      | Reached skill level 3 in Polearms
  1931 | D:2      | Gained mutation: You are partially covered in razor-sharp
                  | scales. (AC +1, Slay +1) [demonic ancestry]
  1931 | D:2      | Reached XP level 4. HP: 27/33 MP: 3/7
  2401 | D:3      | Found an opulent altar of Gozag.
  2663 | D:3      | Learned a level 3 spell: Gell's Gravitas
  2738 | D:3      | Reached skill level 4 in Translocations
  3060 | D:3      | Gained mutation: You have a pair of small antennae on your
                  | head. [demonic ancestry]
  3060 | D:3      | Reached XP level 5. HP: 38/38 MP: 8/8
  3717 | D:3      | Found an ornate altar of the Wu Jian Council.
  3723 | D:3      | Found a blossoming altar of Fedhas.
  3727 | D:3      | Found a basalt altar of Yredelemnul.
  3734 | D:3      | Found a broken altar of Ashenzari.
  3738 | D:3      | Found a snail-covered altar of Cheibriados.
  3744 | D:3      | Found a sparkling altar of Nemelex Xobeh.
  3748 | D:3      | Found a shadowy altar of Dithmenos.
  3787 | D:3      | Noticed Robin
  3812 | D:3      | Killed Robin
  3892 | D:3      | Reached skill level 4 in Polearms
  4149 | D:4      | Reached XP level 6. HP: 39/44 MP: 7/9
  4686 | D:4      | Reached skill level 5 in Translocations
  4778 | D:4      | Found a sand-covered staircase.
  4778 | D:4      | Noticed Natasha
  4817 | D:4      | Killed Natasha
  4903 | D:4      | Noticed Natasha
  4911 | D:4      | Killed Natasha
  5009 | D:4      | Reached skill level 5 in Polearms
  5632 | D:2      | Gained mutation: You have sharp fingernails. [potion of
                  | mutation]
  5632 | D:2      | Gained mutation: Your muscles are strong. (Str +2) [potion
                  | of mutation]
  5699 | D:3      | Gained mutation: You have a pair of antennae on your head.
                  | [demonic ancestry]
  5699 | D:3      | Reached XP level 7. HP: 36/50 MP: 7/10
  5777 | D:4      | Noticed Natasha
  5784 | D:4      | Killed Natasha
  5878 | D:4      | Reached skill level 6 in Translocations
  5980 | D:4      | Noticed Edmund
  6191 | D:4      | Noticed Pikel
  6240 | D:4      | HP: 1/75 [Pikel/+1 whip of electrocution (15)]
  6243 | D:4      | Mangled by Pikel

Vanquished Creatures
  An ogre (D:4)
  3 scorpions (D:4)
  A howler monkey (D:3)
  3 hounds (D:4)
  A centaur skeleton (D:4)
  An iguana (D:3)
  A worker ant (D:4)
  Natasha (thrice) (D:4)
  Robin (D:3)
  9 adders
  An ooze (D:3)
  5 worms
  2 dart slugs
  3 leopard geckos
  8 orcs
  9 bats
  3 giant cockroaches
  10 hobgoblins
  4 jackals
  A quokka (D:2)
  3 ball pythons
  7 frilled lizards
  15 goblins
  11 kobolds
  11 rats
117 creatures vanquished.

Table legend: (Time is in decaauts)
 A = Elapsed time spent in this place.
 B = Non-inter-level travel time spent in this place.
 C = Inter-level travel time spent in this place.
 D = Time resting spent in this place.
 E = Time spent auto-exploring this place.
 F = Levels seen in this place.
 G = Mean time per level.
                   A        B        C        D        E       F      G
               +--------+--------+--------+--------+--------+-----+--------+
         Total |   6189 |   6048 |    141 |   1418 |   3408 |   4 | 1547.2 |
       Dungeon |   6189 |   6048 |    141 |   1418 |   3408 |   4 | 1547.2 |
               +--------+--------+--------+--------+--------+-----+--------+

Top non-repeatable levels by time:
     D:3: 1955 daAuts
     D:2: 1633 daAuts
     D:4: 1379 daAuts
     D:1: 1221 daAuts

Table legend:
 A = Non-vault XP
 B = Vault XP
 C = Vault XP percentage of total XP
 D = Non-vault monster count
 E = Vault monster count
 F = Vault count percentage of total count
                 A         B        C        D         E       F
            +---------+---------+-------+---------+---------+-------
      Total |     845 |     219 |  20.6 |     102 |      15 |  12.8
            +---------+---------+-------+---------+---------+-------
        D:1 |      39 |       1 |   2.5 |      25 |       1 |   3.8
        D:2 |      96 |       0 |   0.0 |      30 |       0 |   0.0
        D:3 |     191 |      68 |  26.3 |      31 |      10 |  24.4
        D:4 |     519 |     150 |  22.4 |      16 |       4 |  20.0
            +---------+---------+-------+---------+---------+-------
